[Event "Titled Tuesday Blitz November 14 Early 2023"]
[White "djokovic74"]
[Black "Omariev, Maksim"]
[BlackFideId "4193423"]
[WhiteElo "2724"]
[BlackElo "2505"]
[Result "1-0"]
[Round "9"]
[TimeControl "180+1"]
[Date "2023.11.14"]
[WhiteClock "0:00:02"]
[BlackClock "0:00:00"]
[Board "55"]

1. e4 c5 2. Nf3 d6 3. d4 cxd4 4. Nxd4 Nf6 5. Nc3 a6 6. Be2 e6 7. Be3 Be7 8. g4 b5 9. g5 Nfd7 10. a3 Bb7 11. h4 Nb6 12. Qd2 N8d7 13. O-O-O Ne5 14. f4 Nec4 15. Bxc4 Nxc4 16. Qe2 Rc8 17. h5 Nxa3 18. g6 Rxc3 19. gxf7+ Kxf7 20. bxc3 Nc4 21. Qg4 Nxe3 22. Qxe6+ Kf8 23. h6 g6 24. f5 Bc8 25. Nc6 Bxe6 26. Nxd8 Bxd8 27. Rxd6 Bg5 28. Rxe6 gxf5 29. Rxa6 Kf7 30. exf5 Nxf5+ 31. Kb1 Rc8 32. Rg1 Bf6 33. Rf1 Rc5 34. Ra7+ Kg6 35. Rg1+ Kxh6 36. Ra6 Kh5 37. Rxf6 h6 38. Rf8 Kh4 39. Kb2 1-0


[Site "https://www.chess.com"]

[Event "Titled Tuesday Blitz November 14 Early 2023"]
[White "DavitSantryan02"]
[Black "Chinguun, Sumiya"]
[BlackFideId "4902572"]
[WhiteElo "2091"]
[BlackElo "2706"]
[Result "1/2-1/2"]
[Round "9"]
[TimeControl "180+1"]
[Date "2023.11.14"]
[WhiteClock "0:00:04"]
[BlackClock "0:01:03"]
[Board "56"]

1. Nf3 Nf6 2. g3 g6 3. Bg2 Bg7 4. O-O O-O 5. c4 d6 6. Nc3 c6 7. d3 e5 8. Rb1 a5 9. a3 Nbd7 10. b4 axb4 11. axb4 Re8 12. b5 Nc5 13. bxc6 bxc6 14. Nd2 Bd7 15. Bb2 Ne6 16. e3 Qc7 17. Qe2 Red8 18. Rfc1 Rab8 19. Ba3 Be8 20. Nde4 Nxe4 21. Nxe4 Rxb1 22. Rxb1 f5 23. Nc3 Qa5 24. Bb4 Qc7 25. Qa2 h6 26. Ba5 Qc8 27. Bxd8 Qxd8 28. c5 d5 29. Nxd5 Bf7 30. Nb6 Nxc5 31. Qa8 Qxa8 32. Nxa8 Nxd3 33. Bxc6 Bf6 34. Nc7 e4 35. Rb7 Ne5 36. Bd5 Nf3+ 37. Kg2 Bxd5 38. Nxd5 Be5 39. h4 h5 40. Kf1 Nh2+ 41. Ke2 Ng4 42. Re7 Bg7 43. Nf4 Ne5 44. Rxe5 Bxe5 45. Nxg6 Bd6 46. Nf4 Bxf4 47. gxf4 Kf7 48. f3 Ke6 49. fxe4 fxe4 50. Kd2 Kf5 51. Kc3 Kg4 52. Kd4 Kxh4 53. Kxe4 Kg4 54. f5 h4 55. f6 h3 56. f7 h2 57. f8=Q h1=Q+ 58. Ke5 Qa1+ 59. Ke6 Qa2+ 60. Ke7 Qa3+ 61. Kf7 Qxe3 62. Qg7+ Kf3 63. Qf6+ Ke2 64. Qe6 Kf3 65. Qxe3+ Kxe3 1/2-1/2


[Site "https://www.chess.com"]

[Event "Titled Tuesday Blitz November 14 Early 2023"]
[White "Molina, Roberto Junio Brito"]
[Black "Preobrazhenska_D2011"]
[WhiteFideId "2109450"]
[WhiteElo "2792"]
[BlackElo "2466"]
[Result "1-0"]
[Round "9"]
[TimeControl "180+1"]
[Date "2023.11.14"]
[WhiteClock "0:00:30"]
[BlackClock "0:00:00"]
[Board "57"]

1. d4 Nf6 2. Nf3 b6 3. e3 e6 4. Bd3 Bb7 5. Qe2 d5 6. Nbd2 Be7 7. e4 dxe4 8. Nxe4 Nbd7 9. O-O O-O 10. Rd1 h6 11. Bf4 Nd5 12. Bg3 Kh8 13. h3 Qe8 14. c4 Nb4 15. Bxc7 Nxd3 16. Qxd3 f5 17. Nd6 Bxd6 18. Bxd6 Rf6 19. Re1 Qg6 20. Bh2 Be4 21. Qe3 Rc8 22. b3 a5 23. a4 Rff8 24. Re2 Nf6 25. Ne1 Qh5 26. f3 Ba8 27. Bd6 Rfd8 28. Be5 Nd7 29. Bh2 Rf8 30. Nd3 Rf6 31. Rae1 Qg6 32. Nf4 Qf7 33. Nxe6 Re8 34. d5 Rc8 35. Be5 Rg6 36. Bd4 Kh7 37. Qf4 Rg8 38. Kh2 Nf6 39. Bxf6 Rxf6 40. Nd4 g5 41. Qe5 Bb7 42. Qe7 Rf8 43. Qxf7+ R8xf7 44. Re7 Kg6 45. Rxf7 Rxf7 46. Re6+ Rf6 47. Re7 Rf7 48. Rxf7 Kxf7 49. Nxf5 Bc8 50. Nd6+ 1-0


[Site "https://www.chess.com"]

[Event "Titled Tuesday Blitz November 14 Early 2023"]
[White "Derjabin, Ilja"]
[Black "Materia, Marco"]
[WhiteFideId "14104768"]
[BlackFideId "45150451"]
[WhiteElo "2573"]
[BlackElo "2792"]
[Result "0-1"]
[Round "9"]
[TimeControl "180+1"]
[Date "2023.11.14"]
[WhiteClock "0:00:04"]
[BlackClock "0:00:54"]
[Board "58"]

1. d4 Nf6 2. c4 e6 3. Nc3 d5 4. cxd5 exd5 5. Bg5 c6 6. e3 h6 7. Bh4 Be7 8. Bd3 O-O 9. Nge2 Ne8 10. Bxe7 Qxe7 11. O-O Nd6 12. Qc2 a5 13. Rae1 Na6 14. a3 b5 15. Ng3 Bd7 16. Rc1 Nc4 17. Bxc4 dxc4 18. e4 Nc7 19. e5 Nd5 20. Nce4 f6 21. exf6 Nxf6 22. Nc5 Qd6 23. Rcd1 Be6 24. Rfe1 Rae8 25. Qd2 Bd5 26. Nf5 Qc7 27. f3 Nh5 28. Rxe8 Rxe8 29. Re1 Rxe1+ 30. Qxe1 Bf7 31. g3 Nf6 32. Qe5 Qxe5 33. dxe5 Nd5 34. e6 Bg6 35. Nd4 b4 36. axb4 axb4 37. Kf2 c3 38. bxc3 bxc3 39. Ke2 Kf8 40. Ne4 Ke7 41. Nxc6+ Kxe6 42. Kd3 Bh5 43. g4 Bg6 44. Nd4+ Ke5 45. Ne2 Nf4+ 46. Nxf4 Kxf4 47. Kxc3 Bxe4 48. fxe4 Kxe4 49. h4 Kf4 50. g5 hxg5 51. hxg5 Kxg5 52. Kd3 Kf4 53. Ke2 Kg3 54. Kf1 g5 55. Kg1 g4 56. Kh1 Kf2 57. Kh2 g3+ 0-1


[Site "https://www.chess.com"]

[Event "Titled Tuesday Blitz November 14 Early 2023"]
[White "Sharapov, Evgeny"]
[Black "Vignesh N R"]
[WhiteFideId "14103133"]
[BlackFideId "25012215"]
[WhiteElo "2566"]
[BlackElo "2786"]
[Result "1/2-1/2"]
[Round "9"]
[TimeControl "180+1"]
[Date "2023.11.14"]
[WhiteClock "0:01:33"]
[BlackClock "0:01:29"]
[Board "59"]

1. e4 c5 2. Nf3 e6 3. c4 Nc6 4. Nc3 Nf6 5. d4 cxd4 6. Nxd4 Bb4 7. Nxc6 dxc6 8. Qxd8+ Kxd8 9. f3 e5 10. Be3 Be6 11. O-O-O+ Kc7 12. Kc2 Rad8 13. Be2 Nd7 14. a3 Bc5 15. Bxc5 Nxc5 16. b4 Nd7 17. Rd2 Nb6 18. c5 Rxd2+ 19. Kxd2 Nc4+ 20. Bxc4 Bxc4 21. Ke3 a5 22. Rb1 axb4 23. Rxb4 Ba6 24. Rb2 h5 25. a4 Ra8 26. Rd2 Bc4 27. f4 exf4+ 28. Kxf4 Ra5 29. e5 Rxc5 30. Ne4 Ra5 31. Rd4 Bb3 32. Nd6 Be6 33. Ne8+ Kb6 34. Nxg7 Kc5 35. Nxe6+ fxe6 36. Ke3 Kb6 37. Ke4 Kc7 38. g3 Rc5 39. h3 Rc3 40. Kf4 b5 41. a5 c5 42. Rd6 b4 43. Rxe6 b3 44. Rb6 c4 45. e6 Rc2 46. e7 Re2 47. Rb4 Rxe7 48. Rxc4+ Kb8 49. Rc1 b2 50. Rb1 Rb7 51. g4 hxg4 52. hxg4 Ka7 53. g5 Ka6 54. Kf5 Kxa5 55. g6 Ka4 56. Kf6 Kb3 57. g7 Rxg7 58. Kxg7 Kc2 59. Rxb2+ Kxb2 1/2-1/2


[Site "https://www.chess.com"]

[Event "Titled Tuesday Blitz November 14 Early 2023"]
[White "Reprintsev, Alexander"]
[Black "Panchenko, Dmitry"]
[WhiteFideId "14100541"]
[BlackFideId "4169158"]
[WhiteElo "2552"]
[BlackElo "2739"]
[Result "0-1"]
[Round "9"]
[TimeControl "180+1"]
[Date "2023.11.14"]
[WhiteClock "0:00:12"]
[BlackClock "0:00:52"]
[Board "60"]

1. e4 e5 2. Nf3 Nc6 3. Bc4 Bc5 4. b4 Bxb4 5. c3 Ba5 6. d4 d6 7. Qb3 Qd7 8. O-O Bb6 9. Nbd2 Na5 10. Qc2 Nxc4 11. Nxc4 Qc6 12. Nxb6 axb6 13. dxe5 dxe5 14. Nxe5 Qa4 15. Qe2 Nf6 16. f3 Be6 17. Bg5 Nd7 18. Nxd7 Qxd7 19. Rfd1 Qc6 20. Be3 O-O 21. Bd4 Ra5 22. Qf2 f6 23. Qg3 Rg5 24. Qf2 Bh3 25. g3 Be6 26. Rd2 Ra5 27. Re1 Rfa8 28. f4 Rxa2 29. f5 Bf7 30. e5 Rxd2 31. Qxd2 Ra2 32. Qxa2 Bxa2 33. e6 Kf8 34. Ra1 Qc4 35. h4 Ke7 36. Kh2 c5 37. Bf2 Qe2 38. Kg1 Bd5 39. Re1 Qf3 40. Kf1 Qxf5 0-1


[Site "https://www.chess.com"]

[Event "Titled Tuesday Blitz November 14 Early 2023"]
[White "Hambleton, Aman"]
[Black "FREDERICKtheMATE"]
[WhiteFideId "2606577"]
[WhiteElo "2729"]
[BlackElo "2564"]
[Result "1-0"]
[Round "9"]
[TimeControl "180+1"]
[Date "2023.11.14"]
[WhiteClock "0:00:09"]
[BlackClock "0:00:52"]
[Board "61"]

1. d4 Nf6 2. Bf4 d5 3. e3 Bf5 4. c4 e6 5. Nc3 c6 6. Qb3 Qd7 7. Nf3 Be7 8. Ne5 Qc8 9. Rc1 Nbd7 10. Be2 O-O 11. O-O h6 12. h3 Rd8 13. Rfe1 Nxe5 14. Bxe5 Ne4 15. Nxe4 Bxe4 16. Qc3 Qd7 17. c5 f6 18. Bg3 g5 19. b4 a6 20. a4 f5 21. f3 f4 22. fxe4 fxg3 23. e5 Rf8 24. Qd3 Kg7 25. Bh5 Rf5 26. Rf1 Raf8 27. Bg4 Rf2 28. Rxf2 gxf2+ 29. Kf1 Bd8 30. Bh5 Rf5 31. g4 Rf3 32. Qg6+ Kf8 33. Qxh6+ Kg8 34. Qg6+ Kf8 35. Ke2 Rxh3 36. Rf1 Rh2 37. Qh6+ Kg8 38. Qg6+ Kf8 39. Rxf2+ Rxf2+ 40. Kxf2 Qe7 41. Ke2 Bc7 42. Qh6+ Kg8 43. Qg6+ Kf8 44. Kd3 Bd8 45. Qh6+ Kg8 46. Qg6+ Kf8 47. e4 dxe4+ 48. Kxe4 Qd7 49. Qh6+ Kg8 50. Qg6+ Kf8 51. Ke3 Qe7 52. Qh6+ Kg8 53. Qg6+ Kf8 54. Kd3 Qd7 55. Kc3 Bc7 56. Qh6+ Kg8 57. Qg6+ Kf8 58. Qf6+ Kg8 59. Qxg5+ Qg7 60. Qxg7+ Kxg7 61. Be8 Kf8 62. Bd7 Ke7 63. Bc8 Kd8 64. Bxb7 a5 65. b5 cxb5 66. axb5 Bb8 67. b6 1-0


[Site "https://www.chess.com"]

[Event "Titled Tuesday Blitz November 14 Early 2023"]
[White "Aradhya, Garg"]
[Black "Yaksin, Oleg"]
[WhiteFideId "25006746"]
[BlackFideId "24105880"]
[WhiteElo "2726"]
[BlackElo "2544"]
[Result "1-0"]
[Round "9"]
[TimeControl "180+1"]
[Date "2023.11.14"]
[WhiteClock "0:00:40"]
[BlackClock "0:00:00"]
[Board "62"]

1. d4 Nf6 2. c4 e6 3. Nf3 b6 4. a3 Ba6 5. Qc2 d5 6. cxd5 Nxd5 7. e4 Bxf1 8. Rxf1 Nf6 9. Nc3 Be7 10. Bf4 O-O 11. O-O-O Nbd7 12. h3 Rc8 13. Kb1 Re8 14. g4 c5 15. d5 exd5 16. e5 d4 17. exf6 Nxf6 18. Ne4 Nd5 19. Bg3 b5 20. Rfe1 a5 21. Neg5 g6 22. h4 a4 23. h5 Bxg5 24. Rxe8+ Qxe8 25. Nxg5 b4 26. Qc4 Qd8 27. Ne4 Rc6 28. Nxc5 Nb6 29. Qxb4 Qd5 30. Nd3 Nc4 31. Qb8+ Kg7 32. Be5+ f6 33. Qb7+ Kh6 34. g5+ Kxg5 35. Bf4+ Kf5 36. Qxh7 Nxa3+ 37. bxa3 Rb6+ 38. Ka1 1-0


[Site "https://www.chess.com"]

[Event "Titled Tuesday Blitz November 14 Early 2023"]
[White "Krivonosov, Oleg"]
[Black "Toktomushev, Teimur"]
[WhiteFideId "11600349"]
[BlackFideId "14176726"]
[WhiteElo "2704"]
[BlackElo "2534"]
[Result "0-1"]
[Round "9"]
[TimeControl "180+1"]
[Date "2023.11.14"]
[WhiteClock "0:00:26"]
[BlackClock "0:00:05"]
[Board "63"]

1. Nf3 d5 2. d4 Nf6 3. c4 e6 4. g3 Bb4+ 5. Bd2 Be7 6. Bg2 O-O 7. O-O c6 8. Qc2 b6 9. Bf4 Ba6 10. cxd5 cxd5 11. Nc3 Nc6 12. Qa4 Bb7 13. Ne5 Nxe5 14. Bxe5 Nd7 15. Bf4 a6 16. Rfd1 b5 17. Qb3 Nb6 18. Rac1 Rc8 19. a4 b4 20. Na2 a5 21. Rxc8 Qxc8 22. Rc1 Qe8 23. Bc7 Qxa4 24. Qxa4 Nxa4 25. Bxa5 b3 26. Nc3 Nxb2 27. Nb5 Ba6 28. Rb1 Bxb5 29. Rxb2 Bc4 30. Rb1 Ra8 31. Bc3 Ra2 32. Bb2 Rxb2 33. Rxb2 Ba3 34. Rb1 b2 35. e4 Ba2 36. Rf1 b1=Q 37. Rxb1 Bxb1 38. exd5 exd5 39. Bxd5 Bb2 40. Kg2 Bxd4 41. f4 Bf5 42. Kf3 Be6 43. Be4 g6 44. g4 f5 45. gxf5 Bxf5 46. Bd5+ Kg7 47. h4 Kh6 48. Bg8 Bc3 49. Kf2 Bb4 50. Bd5 Bd2 51. Kg3 Be1+ 52. Kf3 Bxh4 53. Bg8 Bf6 54. Kg3 Kg7 55. Bd5 h5 56. Bc4 Kf8 57. Bd5 Ke7 58. Bc4 Kd6 59. Bf7 Kc5 0-1


[Site "https://www.chess.com"]

[Event "Titled Tuesday Blitz November 14 Early 2023"]
[White "Rozman, Levy"]
[Black "Novik, Maxim"]
[WhiteFideId "2039877"]
[BlackFideId "4102924"]
[WhiteElo "2697"]
[BlackElo "2542"]
[Result "0-1"]
[Round "9"]
[TimeControl "180+1"]
[Date "2023.11.14"]
[WhiteClock "0:00:00"]
[BlackClock "0:00:32"]
[Board "64"]

1. d4 Nf6 2. Bg5 c5 3. d5 Qb6 4. Nc3 Qxb2 5. Bd2 Qb6 6. e4 d6 7. f4 e5 8. f5 h5 9. Nf3 Be7 10. a4 a6 11. Rb1 Qd8 12. Be2 Nbd7 13. O-O c4 14. Bxc4 Nc5 15. Qe2 Bd7 16. Ng5 Qc7 17. Kh1 Nxa4 18. Nxa4 Bxa4 19. Ra1 b5 20. Bd3 Nd7 21. Ne6 fxe6 22. fxe6 Nc5 23. Rf7 O-O-O 24. Bg5 Bxg5 25. Rxc7+ Kxc7 26. c4 b4 27. Rxa4 Nxa4 28. Qa2 Nc5 29. Qa5+ Kb7 30. Qxb4+ Ka7 31. Qa5 Rc8 32. h4 Bxh4 33. Bc2 Rhf8 34. Kh2 Bd8 35. Qa3 g5 36. Ba4 g4 37. Bb5 Bc7 38. e7 Rfe8 39. Bxe8 Rxe8 40. Kg3 Rxe7 41. Kh4 Rh7 42. Kg5 Nxe4+ 43. Kg6 Rh8 44. Qa4 Nc5 45. Qc6 Bb8 46. Kg7 Rd8 47. g3 h4 48. Kf7 hxg3 49. Ke7 Rd7+ 50. Ke8 g2 51. Kf8 g1=Q 52. Ke8 Qh2 0-1


[Site "https://www.chess.com"]

[Event "Titled Tuesday Blitz November 14 Early 2023"]
[White "Skliarov, Viktor"]
[Black "Pourkashiyan, Atousa"]
[WhiteFideId "14106736"]
[BlackFideId "12502014"]
[WhiteElo "2667"]
[BlackElo "2532"]
[Result "0-1"]
[Round "9"]
[TimeControl "180+1"]
[Date "2023.11.14"]
[WhiteClock "0:00:04"]
[BlackClock "0:00:13"]
[Board "65"]

1. e4 c5 2. Nf3 e6 3. c3 Nf6 4. Bd3 c4 5. Bc2 Nc6 6. d4 cxd3 7. Qxd3 Qc7 8. O-O b6 9. h3 Bb7 10. Re1 d6 11. a4 Be7 12. Na3 a6 13. Bf4 Rc8 14. Rad1 Ne5 15. Qe2 O-O 16. Nd4 Nc4 17. Nxc4 Qxc4 18. Qxc4 Rxc4 19. Bb3 Rc5 20. Bxe6 fxe6 21. Nxe6 Nxe4 22. Nxc5 dxc5 23. Rd7 Bc6 24. Rxe7 Rxf4 25. g3 Rf6 26. R1xe4 Bxe4 27. Rxe4 Rd6 28. b4 Rd3 29. bxc5 bxc5 30. Rc4 Rd5 31. Kg2 Kf7 32. Kf3 Ke6 33. Ke4 Kd6 34. f4 Rd1 35. f5 Re1+ 36. Kf3 Kd5 37. Rh4 h6 38. f6 Rf1+ 39. Ke2 Rxf6 40. c4+ Kc6 41. Ke3 Kb6 42. Rh5 Rd6 43. Rd5 Rxd5 44. cxd5 Kc7 45. Kd3 Kd6 46. Kc4 a5 47. h4 h5 48. Kb5 Kxd5 49. Kxa5 c4 50. Kb4 Kd4 51. a5 c3 52. a6 c2 53. a7 c1=Q 54. a8=Q Qb1+ 0-1


[Site "https://www.chess.com"]

[Event "Titled Tuesday Blitz November 14 Early 2023"]
[White "Golubev, Mikhail"]
[Black "Herman, Matthew"]
[WhiteFideId "14100983"]
[BlackFideId "2028964"]
[WhiteElo "2655"]
[BlackElo "2532"]
[Result "1/2-1/2"]
[Round "9"]
[TimeControl "180+1"]
[Date "2023.11.14"]
[WhiteClock "0:00:03"]
[BlackClock "0:00:09"]
[Board "66"]

1. e4 e5 2. Nf3 Nc6 3. Bc4 Nf6 4. Ng5 d5 5. exd5 Na5 6. Bb5+ c6 7. dxc6 bxc6 8. Bd3 Nd5 9. Nf3 Bd6 10. O-O O-O 11. Re1 Qc7 12. Bf1 f5 13. d3 c5 14. Nc3 Nxc3 15. bxc3 Nc6 16. d4 cxd4 17. cxd4 e4 18. Bc4+ Kh8 19. Ng5 Na5 20. Bd5 Bb7 21. Ne6 Bxd5 22. Nxc7 Bxc7 23. Rb1 a6 24. Qh5 Nc4 25. Qh4 Bd8 26. Qg3 Bf6 27. Bf4 Rac8 28. Be5 f4 29. Qxf4 Bxe5 30. Qg5 h6 31. Qh5 Bf7 32. Qd1 Bf6 33. Rxe4 Bd5 34. Rf4 Rce8 35. c3 Re6 36. Qg4 Rfe8 37. Rf1 Nd2 38. Rxf6 Re1 39. Rf8+ Kh7 40. Qf5+ g6 41. Rf7+ Bxf7 42. Qxf7+ Kh8 43. Qf6+ Kh7 44. Qf7+ Kh8 45. Qf6+ Kh7 46. Qf7+ 1/2-1/2


[Site "https://www.chess.com"]

[Event "Titled Tuesday Blitz November 14 Early 2023"]
[White "Adla, Diego"]
[Black "Jovic, Stanoje"]
[WhiteFideId "100072"]
[BlackFideId "905020"]
[WhiteElo "2635"]
[BlackElo "2518"]
[Result "1-0"]
[Round "9"]
[TimeControl "180+1"]
[Date "2023.11.14"]
[WhiteClock "0:01:40"]
[BlackClock "0:00:00"]
[Board "67"]

1. e4 c6 2. d4 d5 3. exd5 cxd5 4. c4 Nf6 5. Nc3 Nc6 6. Nf3 Bg4 7. Be3 e6 8. c5 Ne4 9. Bb5 a6 10. Bxc6+ bxc6 11. Qa4 Bxf3 12. Qxc6+ Ke7 13. gxf3 Nxc3 14. bxc3 Ra7 15. Bf4 f6 16. O-O-O Qd7 17. Bd6+ Kf7 18. Qxd7+ Rxd7 19. Bxf8 Rxf8 20. f4 Rb8 21. Kc2 e5 22. Rb1 Rxb1 23. Rxb1 exf4 24. c6 Re7 25. Rb7 Ke6 26. c7 1-0


[Site "https://www.chess.com"]

[Event "Titled Tuesday Blitz November 14 Early 2023"]
[White "Shuvalov, Evgenij"]
[Black "FoxOnTheRun97"]
[WhiteFideId "4187237"]
[WhiteElo "2516"]
[BlackElo "2618"]
[Result "1/2-1/2"]
[Round "9"]
[TimeControl "180+1"]
[Date "2023.11.14"]
[WhiteClock "0:00:59"]
[BlackClock "0:00:27"]
[Board "68"]

1. d4 Nf6 2. c4 e6 3. Nc3 Bb4 4. e3 c5 5. Ne2 d5 6. a3 Bxc3+ 7. Nxc3 cxd4 8. exd4 Nc6 9. Be3 dxc4 10. Bxc4 Ne7 11. Bg5 Nfd5 12. Nxd5 exd5 13. Bb5+ Bd7 14. Qa4 Bxb5 15. Qxb5+ Qd7 16. Qxd7+ Kxd7 17. Bxe7 Rhe8 18. Kd2 Rxe7 19. Rhe1 Re4 20. Rxe4 dxe4 21. Rc1 Kd6 22. Ke3 f5 23. h4 g6 24. g3 a5 25. Rc5 b6 26. Rb5 Kc6 27. a4 Rd8 28. Re5 Kd6 29. Rb5 Rb8 30. b4 axb4 31. Rxb4 Kc6 32. Rc4+ Kd6 33. Rb4 Kc6 34. Rc4+ Kd6 35. Rb4 1/2-1/2


[Site "https://www.chess.com"]

[Event "Titled Tuesday Blitz November 14 Early 2023"]
[White "Souleidis, Georgios"]
[Black "Aash20"]
[WhiteFideId "4206827"]
[WhiteElo "2612"]
[BlackElo "2485"]
[Result "1-0"]
[Round "9"]
[TimeControl "180+1"]
[Date "2023.11.14"]
[WhiteClock "0:00:20"]
[BlackClock "0:00:59"]
[Board "69"]

1. e4 c5 2. Be2 Nc6 3. d3 g6 4. f4 Bg7 5. Nf3 Nf6 6. O-O d6 7. c3 O-O 8. Kh1 Bg4 9. Be3 Rb8 10. h3 Bxf3 11. Bxf3 Qc7 12. a4 a6 13. d4 cxd4 14. cxd4 d5 15. e5 Ne4 16. Bxe4 dxe4 17. Nc3 Rbd8 18. Nxe4 e6 19. Rc1 Qa5 20. Nd6 Rxd6 21. exd6 Qd5 22. Qc2 Qxd6 23. Qc5 Qxc5 24. dxc5 Rd8 25. Rfd1 Rd5 26. b3 Kf8 27. Kg1 Ke7 28. Kf2 h5 29. Kf3 Bd4 30. Kf2 f6 31. Bxd4 Nxd4 32. b4 e5 33. fxe5 fxe5 34. b5 axb5 35. axb5 Kd7 36. Rc3 Ke6 37. c6 bxc6 38. bxc6 Rd8 39. c7 Rc8 40. Ke3 Kd6 41. Rxd4+ exd4+ 42. Kxd4 g5 43. Rc2 g4 44. h4 Kd7 45. Kd5 g3 46. Rc3 Rxc7 47. Rxc7+ Kxc7 48. Ke5 Kc6 49. Kf5 Kd5 50. Kg5 Kd4 51. Kxh5 Ke3 52. Kg4 Kf2 53. Kh3 Ke3 54. h5 Kf4 55. h6 Kg5 56. h7 1-0


[Site "https://www.chess.com"]

[Event "Titled Tuesday Blitz November 14 Early 2023"]
[White "Vlassov, Nikolai"]
[Black "Makaraci, Tunahan"]
[WhiteFideId "4103360"]
[BlackFideId "6356559"]
[WhiteElo "2608"]
[BlackElo "2484"]
[Result "1-0"]
[Round "9"]
[TimeControl "180+1"]
[Date "2023.11.14"]
[WhiteClock "0:00:14"]
[BlackClock "0:00:00"]
[Board "70"]

1. e4 c5 2. c3 d5 3. exd5 Qxd5 4. d4 Nc6 5. Nf3 Bf5 6. Be3 cxd4 7. Nxd4 Nf6 8. Nxf5 Qxf5 9. Be2 e6 10. Qb3 O-O-O 11. O-O Bc5 12. Bxc5 Qxc5 13. Na3 Rd2 14. Bf3 Na5 15. Qb4 Qxb4 16. cxb4 Nc6 17. Rfc1 Kb8 18. Bxc6 bxc6 19. Nc4 Re2 20. Kf1 Re4 21. f3 Rh4 22. h3 Nd5 23. Ne5 Nxb4 24. Nxf7 Rc8 25. Ng5 e5 26. Ne4 Nd5 27. Rc5 Rf8 28. Kg1 Ne7 29. Rxe5 Nd5 30. Rc1 Rh6 31. Nc5 Rf7 32. Re8+ Kc7 33. Ra8 Kb6 34. Ne4 Nf4 35. Kh2 Nd3 36. Rc3 1-0


[Site "https://www.chess.com"]

[Event "Titled Tuesday Blitz November 14 Early 2023"]
[White "Jamal-Jamal-Jamal"]
[Black "borocotoajua"]
[WhiteElo "2448"]
[BlackElo "2597"]
[Result "0-1"]
[Round "9"]
[TimeControl "180+1"]
[Date "2023.11.14"]
[WhiteClock "0:00:10"]
[BlackClock "0:00:14"]
[Board "71"]

1. e4 c6 2. d4 d5 3. e5 c5 4. Nf3 Nc6 5. dxc5 Bg4 6. c3 e6 7. Be3 Nh6 8. Bb5 Qa5 9. Bxc6+ bxc6 10. b4 Qc7 11. Bxh6 gxh6 12. Qd4 Rg8 13. Nbd2 Bf5 14. g3 a5 15. h3 axb4 16. cxb4 h5 17. Qe3 Ra4 18. a3 Bg7 19. Nf1 Be4 20. N1d2 Bxe5 21. Nxe5 Qxe5 22. O-O h4 23. Nxe4 dxe4 24. g4 h5 25. f4 Qb2 26. g5 Ra8 27. Qxe4 Rd8 28. Rad1 Rd5 29. Rxd5 cxd5 30. Qd3 f6 31. Qe3 Kf7 32. c6 Rc8 33. Qf3 Rxc6 34. Qxh5+ Ke7 35. gxf6+ Qxf6 36. Qh7+ Kd6 37. Qd3 Rc3 38. Qa6+ Ke7 39. Qa7+ Kf8 40. Qb8+ Kf7 41. Qb7+ Kf8 42. Qb8+ Kf7 43. Qb7+ Kg8 44. Qb8+ Kh7 45. Qa7+ Kh6 46. Qf2 Rxh3 47. Re1 Qf5 48. Kf1 Qd3+ 49. Re2 Rf3 50. f5 Rxf2+ 51. Kxf2 Qxf5+ 52. Ke1 Qh5 53. Kd2 Qg5+ 54. Re3 Qg6 55. Rd3 Kh5 56. b5 Qg5+ 57. Kc2 h3 58. Rxh3+ Kg4 59. Rd3 Qf5 60. b6 Qf2+ 61. Kc1 Qxb6 62. Rd2 Kf4 63. Rb2 Qg1+ 64. Kc2 Qf2+ 65. Kb3 Qc5 66. a4 Qc4+ 67. Ka3 Qc3+ 68. Rb3 Qc5+ 69. Rb4+ d4 70. Kb3 Ke3 71. Rb5 Qc3+ 72. Ka2 Qc2+ 73. Ka3 d3 74. a5 Qc3+ 75. Rb3 Qc5+ 76. Ka4 Qc4+ 77. Ka3 Qxb3+ 78. Kxb3 d2 79. a6 d1=Q+ 80. Kb4 Qd7 81. Kc5 Qa7+ 82. Kb5 e5 83. Ka5 e4 84. Kb5 Kf3 85. Kb4 e3 86. Kc4 e2 87. Kd5 e1=Q 88. Kd6 Qxa6+ 89. Kc7 Qc3+ 90. Kb8 Qb4+ 91. Kc7 Qbb7+ 92. Kd8 Qaa8# 0-1


[Site "https://www.chess.com"]

[Event "Titled Tuesday Blitz November 14 Early 2023"]
[White "WindWhistler11"]
[Black "Tikhonov, Viacheslav"]
[BlackFideId "44196407"]
[WhiteElo "2470"]
[BlackElo "2596"]
[Result "0-1"]
[Round "9"]
[TimeControl "180+1"]
[Date "2023.11.14"]
[WhiteClock "0:00:00"]
[BlackClock "0:00:03"]
[Board "72"]

1. Nf3 g6 2. g3 Bg7 3. Bg2 Nf6 4. O-O O-O 5. d4 d5 6. b3 c6 7. Bb2 a5 8. c4 a4 9. Na3 Bf5 10. Nh4 Be6 11. c5 Ne4 12. Qc2 f5 13. f3 Nf6 14. Bh3 Bc8 15. b4 Nh5 16. Bc3 Nd7 17. f4 Ndf6 18. Nf3 Ne4 19. b5 Nhf6 20. Bb4 Ng4 21. Bxg4 fxg4 22. Ne5 Qc7 23. Qb2 Bf5 24. Nc2 h5 25. Ne3 Kh7 26. a3 Qc8 27. Kg2 h4 28. Rh1 h3+ 29. Kf1 g5 30. Ke1 gxf4 31. gxf4 Bh6 32. Rf1 g3 33. hxg3 Nxg3 34. Rf3 h2 35. Kf2 h1=Q 36. Rxh1 Nxh1+ 37. Kg2 Be4 38. Kxh1 Rxf4 39. Qc1 Qh3+ 40. Kg1 Rg8+ 41. Kf2 Rxf3+ 42. exf3 Qxf3+ 0-1


[Site "https://www.chess.com"]

[Event "Titled Tuesday Blitz November 14 Early 2023"]
[White "Suduvasachmatai"]
[Black "Tasev, Dejan"]
[BlackFideId "936618"]
[WhiteElo "2266"]
[BlackElo "2585"]
[Result "0-1"]
[Round "9"]
[TimeControl "180+1"]
[Date "2023.11.14"]
[WhiteClock "0:00:13"]
[BlackClock "0:00:58"]
[Board "73"]

1. e4 c6 2. Nf3 d5 3. Nc3 Bg4 4. h3 Bxf3 5. Qxf3 e6 6. exd5 exd5 7. d4 Bd6 8. Bd3 Ne7 9. O-O O-O 10. Bg5 h6 11. Bxe7 Qxe7 12. Qf5 g6 13. Qf3 Kg7 14. Ne2 Nd7 15. Ng3 Nf6 16. Rfe1 Qd7 17. c3 Rae8 18. Re3 Rxe3 19. fxe3 Nh7 20. Rf1 Qe7 21. Re1 Qh4 22. Kf2 f5 23. c4 Ng5 24. Qe2 Bxg3+ 25. Kf1 Bxe1 26. Qxe1 Qxe1+ 27. Kxe1 dxc4 28. Bxc4 Re8 29. Kd2 Ne4+ 30. Ke2 Kf6 0-1


[Site "https://www.chess.com"]

[Event "Titled Tuesday Blitz November 14 Early 2023"]
[White "EvgenyBurmakin"]
[Black "Alen_Yeremyann"]
[WhiteElo "2382"]
[BlackElo "2765"]
[Result "0-1"]
[Round "9"]
[TimeControl "180+1"]
[Date "2023.11.14"]
[WhiteClock "0:00:00"]
[BlackClock "0:01:33"]
[Board "74"]

1. e4 Nf6 2. e5 Nd5 3. d4 d6 4. c4 Nb6 5. f4 dxe5 6. fxe5 Bf5 7. Nc3 e6 8. Be3 Nc6 9. Nf3 Bg4 10. Be2 Bxf3 11. gxf3 Qh4+ 12. Bf2 Qf4 13. c5 Nc8 14. Nb5 Rb8 15. Nxc7+ Kd7 16. Nb5 N8e7 17. Qd2 Qxd2+ 18. Kxd2 a6 19. Nd6 f5 20. Bc4 Ng6 21. Kc3 b5 22. Bb3 Na5 23. Bc2 Nf4 24. Kd2 Bxd6 25. exd6 Nc4+ 26. Kc1 g6 27. Re1 Rhe8 28. b3 Na5 29. Kb2 Nc6 30. Rad1 Nd5 31. a3 Ra8 32. h4 Rg8 33. Rg1 Nf4 34. Rge1 Ng2 35. Rg1 Nf4 36. Rd2 Rg7 37. Bg3 Nd5 38. Be5 Rgg8 39. f4 Rac8 40. b4 a5 41. bxa5 Nxa5 42. Bd3 Nc4+ 43. Bxc4 bxc4 44. Rc2 Rb8+ 45. Ka2 c3 46. Rb1 Rxb1 47. Kxb1 Kc6 48. Ka2 h6 49. Rc1 Rb8 50. Rb1 c2 51. Rxb8 c1=Q 52. Rb2 Qc4+ 53. Kb1 Nc3+ 54. Ka1 Qf1+ 0-1


[Site "https://www.chess.com"]

[Event "Titled Tuesday Blitz November 14 Early 2023"]
[White "Rosen, Eric"]
[Black "Lehtosaari, Mauri"]
[WhiteFideId "2032562"]
[BlackFideId "501999"]
[WhiteElo "2758"]
[BlackElo "2517"]
[Result "1-0"]
[Round "9"]
[TimeControl "180+1"]
[Date "2023.11.14"]
[WhiteClock "0:01:30"]
[BlackClock "0:00:36"]
[Board "75"]

1. e4 d5 2. exd5 Qxd5 3. Nc3 Qd8 4. d4 Nf6 5. Nf3 Bg4 6. Bg5 e6 7. h3 Bxf3 8. Qxf3 c6 9. Rd1 Be7 10. Bd3 Qa5 11. Bd2 Qc7 12. O-O Nbd7 13. Rfe1 h6 14. Bf4 Bd6 15. Bd2 Be7 16. a3 a5 17. Ne4 Nxe4 18. Qxe4 Nf6 19. Qf3 Rd8 20. Be3 Nd5 21. Bc1 b5 22. Qg4 Bf6 23. c3 a4 24. h4 Qe7 25. g3 h5 26. Qe4 g6 27. Qf3 O-O 28. Re2 Bg7 29. Rde1 Rfe8 30. Bg5 Bf6 31. Bh6 Bg7 32. Bc1 Bf6 33. Be4 Bg7 34. Bg5 Bf6 35. Bxd5 Bxg5 36. Bxc6 Bf6 37. Bxe8 Qxe8 1-0


[Site "https://www.chess.com"]